 Dungeon Crawl Stone Soup version 0.17.0-57-g0e89251 (webtiles) character file.

41 lucasterio the Cutter (level 3, -10/24 HPs)
             Began as a Kobold Berserker on Dec 7, 2015.
             Was a Believer of Trog.
             Killed from afar by Ijyb (12 damage)
             ... with a wand of fire
             ... on level 3 of the Dungeon.
             The game lasted 00:05:20 (1454 turns).

lucasterio the Cutter (Kobold Berserker)            Turns: 1454, Time: 00:05:20

Health: -10/24     AC:  6    Str: 16    XL:     3   Next: 75%
Magic:  3/3        EV: 13    Int:  5    God:    Trog [**....]
Gold:   96         SH:  0    Dex: 15    Spells: 0 memorised, 2 levels left

rFire  . . .     SeeInvis .     a - +0 short sword
rCold  . . .     Clarity  .     e - +0 scale mail
rNeg   . . .     SustAt   .     (shield restricted)
rPois  .         Gourm    .     (no helmet)
rElec  .         Spirit   .     (no cloak)
rCorr  .         Warding  .     (no gloves)
rMut   .         Stasis   .     (no boots)
MR     .....                    (no amulet)
Stlth  ..........               (no ring)
                                (no ring)

@: not resistant to hostile enchantments, extremely unstealthy
A: carnivore 3
a: Berserk, Trog's Hand, Burn Spellbooks, Renounce Religion


You were on level 3 of the Dungeon.
You worshipped Trog.
Trog was pleased with you.
You were completely stuffed.

You visited 1 branch of the dungeon, and saw 3 of its levels.

You collected 96 gold pieces.

Inventory:

Hand Weapons
 a - a +0 short sword (weapon)
Missiles
 t - 14 arrows
Armour
 e - a +0 scale mail (worn)
Jewellery
 n - an uncursed ring of protection from magic {unknown}
Scrolls
 b - a scroll of remove curse {unknown}
 f - a scroll of enchant armour {unknown}
 g - a scroll of fog {unknown}
 m - a scroll of fear {unknown}
 p - a scroll of recharging {unknown}
 q - 2 scrolls of identify {unknown}
 r - a scroll of random uselessness {unknown}
 s - a scroll of blinking {unknown}
 v - a scroll of amnesia {unknown}
Potions
 d - 2 potions of heal wounds {unknown}
 h - a potion of degeneration {unknown}
 i - a potion of lignification {unknown}
 j - a potion of flight {unknown}
 k - a potion of resistance {unknown}
 u - a potion of ambrosia {unknown}
Comestibles
 c - a meat ration
 l - 4 chunks of flesh
 o - a slice of pizza


   Skills:
 + Level 3.7 Fighting
 * Level 4.8 Short Blades
 + Level 2.0 Armour
 - Level 2.8 Dodging


You had 2 spell levels left.
You didn't know any spells.

Dungeon Overview and Level Annotations

Branches:
Dungeon (3/15)

Altars:
Ru
Vehumet
Xom

Annotations:
D:3 Ijyb


Innate Abilities, Weirdness & Mutations

You are small and have problems with some larger weapons.
You are carnivorous and can eat meat at any time.


Message History

Some of the chunks of flesh in your inventory have rotted away.
You see here a runed hand axe.
Some of the chunks of flesh in your inventory have rotted away.
Done exploring.
Done exploring.
There is a stone staircase leading down here.
You climb downwards.
Ijyb the Twisted Goblin comes into view.
Ijyb shouts!
Found 3 tomahawks.
There is a stone staircase leading up here.
Ijyb screams, "Level is mine!
All mine!"
Ijyb zaps a wand.
The bolt of fire hits you!
Ouch! That really hurt!
* * * LOW HITPOINT WARNING * * *
It is a wand of fire.
You see here 3 tomahawks.
Ijyb zaps a wand.
The bolt of fire hits you!
Ouch! That really hurt!
You die...

. #.
#.#.#######
.#.#..g....##
............#
............#
............#
............#
.......(....#
.......@....#
............#
............#
##########.##
+#


You could see Ijyb.

Vanquished Creatures
  An ooze (D:1)
  A giant gecko (D:1)
  2 bats (D:1)
  4 giant cockroaches
  10 goblins
  6 hobgoblins
  A ball python (D:1)
  A giant newt (D:1)
  3 kobolds
  6 rats
35 creatures vanquished.

Notes
Turn   | Place    | Note
--------------------------------------------------------------
     0 | D:1      | lucasterio the Kobold Berserker began the quest for the Orb.
     0 | D:1      | Reached XP level 1. HP: 14/14 MP: 1/1
   107 | D:1      | Reached XP level 2. HP: 16/19 MP: 2/2
   440 | D:1      | Reached XP level 3. HP: 23/23 MP: 3/3
   536 | D:1      | Reached ** piety under Trog
   882 | D:2      | Found a radiant altar of Vehumet.
   988 | D:2      | Found a shimmering altar of Xom.
  1162 | D:2      | Found a sacrificial altar of Ru.
  1452 | D:3      | Noticed Ijyb
  1453 | D:3      | HP: 1/24 [Ijyb/wand of fire (23)]
  1454 | D:3      | Killed from afar by Ijyb

Action                   || total
-------------------------++-------
Melee: Short sword       ||   111
  Eat: Chunk             ||    10
